 Dungeon Crawl Stone Soup version 0.21-a0-314-gb3271ec (webtiles) character file.

231 tidbits the Shooter (level 6, 39/46 HPs)
             Began as a Gnoll Wanderer on Sept 29, 2017.
             Quit the game on level 3 of the Dungeon.
             The game lasted 00:08:00 (1228 turns).

tidbits the Shooter (Gnoll Wanderer)                Turns: 1228, Time: 00:08:00

Health: 39/46      AC:  3    Str: 12    XL:     6   Next: 3%
Magic:  8/8        EV: 12    Int: 20    God:
Gold:   124        SH:  0    Dex: 13    Spells: 8/8 levels left

rFire    . . .     SeeInvis .   e - +2 shortbow
rCold    . . .     Gourm    .   (shield currently unavailable)
rNeg     . . .     Faith    .   B - +0 ring mail
rPois    .         Spirit   .   (helmet restricted)
rElec    .         Reflect  .   (no cloak)
rCorr    .         Harm     .   G - +0 pair of gloves
MR       +....                  (no boots)
Stlth    ++........             (no amulet)
HPRegen  0.15/turn              (no ring)
MPRegen  0.11/turn              (no ring)

@: mildly poisoned (39 -> 36)
A: distributed training, fangs 1, horns 1, deformed body, magic resistance 1,
strong nose
a: no special abilities


You were on level 3 of the Dungeon.
You were not hungry.

You visited 1 branch of the dungeon, and saw 3 of its levels.

You collected 124 gold pieces.

Inventory:

Hand Weapons
 d - a +0 dagger
 e - a +2 shortbow (weapon)
 l - a +0 halberd
 q - a +0 morningstar
 r - a +0 whip
Missiles
 b - 41 arrows (quivered)
 f - 29 bolts
 s - 2 tomahawks
Armour
 g - a +0 robe
 B - a +0 ring mail (worn)
 G - a +0 pair of gloves (worn)
Scrolls
 c - 2 scrolls of teleportation
 i - a scroll of magic mapping {unknown}
 k - a scroll of fog {unknown}
 m - a scroll of identify
 o - a scroll of noise {unknown}
 u - 2 scrolls of enchant armour {unknown}
 v - a scroll of remove curse {unknown}
Potions
 n - a potion of resistance
 p - 2 potions of heal wounds
Comestibles
 a - 3 bread rations
 h - 3 royal jellies
 j - a chunk of flesh
 t - a meat ration


   Skills:
 + Level 2.8 Fighting
 + Level 1.7 Short Blades
 + Level 2.8 Long Blades
 + Level 1.3 Axes
 + Level 1.7 Maces & Flails
 + Level 1.3 Polearms
 + Level 2.0 Staves
 + Level 1.7 Slings
 + Level 6.7 Bows
 + Level 1.7 Crossbows
 + Level 3.9 Throwing
 + Level 0.8 Armour
 + Level 3.7 Dodging
 + Level 4.1 Stealth
   Level 0.0 Stabbing
 + Level 3.3 Shields
   Level 0.0 Traps
 + Level 2.3 Unarmed Combat
 + Level 1.7 Spellcasting
 + Level 2.3 Conjurations
 + Level 1.7 Hexes
 + Level 0.0 Charms
 + Level 2.0 Summonings
 + Level 0.8 Necromancy
 + Level 1.7 Translocations
 + Level 2.6 Transmutations
 + Level 1.7 Fire Magic
 + Level 1.3 Ice Magic
 + Level 0.8 Air Magic
 + Level 0.8 Earth Magic
 + Level 0.8 Poison Magic
 + Level 1.7 Invocations
 + Level 1.3 Evocations


You had 8 spell levels left.
You didn't know any spells.

Dungeon Overview and Level Annotations

Branches:
Dungeon (3/15)

Altars:


Innate Abilities, Weirdness & Mutations

Your experience applies equally to all skills.
You have very sharp teeth.
Your uncanny sense of smell can sniff out nearby items.
You have a pair of small horns on your head.
Armour fits poorly on your strangely shaped body.
You are resistant to hostile enchantments. (MR+)


Message History

Press: ? - help, Shift-Dir - straight line, f/p - jackal
Aim: a jackal (severely wounded)
You shoot an arrow. The arrow barely misses the jackal.
The jackal bites you but does no damage.
Firing (i - inventory. (,) - cycle):
b - 16 arrows (quivered)
Press: ? - help, Shift-Dir - straight line, f/p - jackal
Aim: a jackal (severely wounded)
You shoot an arrow. The arrow barely misses the jackal.
The jackal bites you.
Firing (i - inventory. (,) - cycle):
b - 15 arrows (quivered)
Press: ? - help, Shift-Dir - straight line, f/p - jackal
Aim: a jackal (severely wounded)
You shoot an arrow.
The arrow hits the jackal but does no damage.
The jackal is severely wounded.
The jackal closely misses you. The jackal bites you.
Firing (i - inventory. (,) - cycle):
b - 14 arrows (quivered)
Press: ? - help, Shift-Dir - straight line, f/p - jackal
Aim: a jackal (severely wounded)
You shoot an arrow. The arrow misses the jackal.
The jackal barely misses you.
Firing (i - inventory. (,) - cycle):
b - 13 arrows (quivered)
Press: ? - help, Shift-Dir - straight line, f/p - jackal
Aim: a jackal (severely wounded)
You shoot an arrow. The arrow hits the jackal.
You kill the jackal!
b - 22 arrows (gained 10)
You see here a jackal corpse.
You butcher the jackal corpse.
j - 2 chunks of flesh Eat one of 2 chunks of flesh? (ye/n/q)
You eat one of the 2 chunks of flesh.
This raw flesh tastes terrible.
b - 24 arrows (gained 2)
You see here a jackal corpse.
b - 26 arrows (gained 2)
b - 27 arrows (gained 1)
You aren't carrying or standing over any spellbooks.
Unknown command.
There is an open door here.
Found 19 arrows.
Found a club.
Found a scroll labeled ABAHEG DOQYLE.
b - 46 arrows (gained 19)
v - a scroll labeled ABAHEG DOQYLE
Found a pink potion.
p - 2 pink potions (gained 1)
As you read the scroll labeled MOVOAN MUUTIA, it crumbles to dust.
It is a scroll of identify.
p - 2 potions of heal wounds
As you read the scroll of identify, it crumbles to dust.
n - a potion of resistance
Okay, then.
Really quaff
f - a potion of mutation {!q}?
You feel extremely strange.
You no longer feel heat resistant.
You feel stronger.
Your body twists and deforms.
A pair of horns grows on your head!
HP restored.
Found a stone staircase leading down.
Found 29 bolts.
An adder comes into view.
Found a scroll labeled ABAHEG DOQYLE.
A bat and a kobold come into view.
Found a scale mail.
You see here 29 bolts.
f - 29 bolts The adder hisses angrily.
The kobold shouts!
Firing (i - inventory. (,) - cycle):
b - 46 arrows (quivered)
Press: ? - help, Shift-Dir - straight line, f - adder
Aim: an adder You shoot an arrow.
The arrow hits the adder.
The adder is heavily wounded.
The adder bites you.
You are poisoned.
The adder poisons you! The adder bites you.
Firing (i - inventory. (,) - cycle):
b - 45 arrows (quivered)
Press: ? - help, Shift-Dir - straight line, f/p - adder
Aim: an adder (heavily wounded)
You shoot an arrow. The arrow hits the adder.
The adder is severely wounded.
You feel sick. The adder misses you.
Firing (i - inventory. (,) - cycle):
b - 44 arrows (quivered)
Press: ? - help, Shift-Dir - straight line, f/p - adder
Aim: an adder (severely wounded)
You shoot an arrow. The arrow closely misses the adder.
The adder barely misses you.
Firing (i - inventory. (,) - cycle):
b - 43 arrows (quivered)
Press: ? - help, Shift-Dir - straight line, f/p - adder
Aim: an adder (severely wounded)
You shoot an arrow. The arrow barely misses the adder.
You feel sick. The adder bites you.
Firing (i - inventory. (,) - cycle):
b - 42 arrows (quivered)
Press: ? - help, Shift-Dir - straight line, f/p - adder
Aim: an adder (severely wounded)
You shoot an arrow. The arrow hits the adder!
You kill the adder!
Your Ice Magic skill increases to level 1!
You have reached level 6!
Your experience leads to an increase in your attributes!
Increase (S)trength, (I)ntelligence, or (D)exterity?
You feel clever.
Are you sure you want to abandon this character and quit the game? (Confirm with "yes".)

#.##### # .......
... .......
#.#.####.......
..[.......?....
#....K....
#.#.......
#K#.......
#@#.......
#.#.......
#.#.....b.
#.##.##########+#
#...>............
.....##.####.#.....
.... #.# #.# ###
... #.# #.# .. #..
#.#


You could see a kobold.

Vanquished Creatures
  The ghost of tidbits the Skirmisher, an amateur GnWn (D:3)
  3 gnolls (D:2)
  4 adders
  2 oozes
  A worm (D:2)
  2 leopard geckos
  6 orcs
  6 bats
  A giant cockroach (D:3)
  4 goblins
  3 hobgoblins
  13 jackals
  A quokka (D:2)
  2 ball pythons
  3 frilled lizards
  A kobold (D:1)
  3 rats
56 creatures vanquished.

Notes
Turn   | Place    | Note
-------+----------+-------------------------------------------
     0 | D:1      | tidbits the Gnoll Wanderer began the quest for the Orb.
     0 | D:1      | tidbits set off with: a +2 shortbow, 26 arrows, a scroll of teleportation, a potion of lignification, a +0 robe, a +0 dagger, a bread ration
     0 | D:1      | Reached XP level 1. HP: 17/17 MP: 1/1
   123 | D:1      | Reached XP level 2. HP: 23/23 MP: 3/3
   277 | D:2      | Reached skill level 1 in Crossbows
   277 | D:2      | Reached skill level 1 in Translocations
   286 | D:2      | Reached XP level 3. HP: 28/28 MP: 4/4
   297 | D:2      | Reached skill level 1 in Unarmed Combat
   344 | D:2      | Reached skill level 1 in Transmutations
   381 | D:2      | Reached skill level 1 in Short Blades
   381 | D:2      | Reached skill level 1 in Spellcasting
   381 | D:2      | Reached skill level 1 in Invocations
   388 | D:2      | Reached skill level 3 in Shields
   388 | D:2      | Reached skill level 1 in Conjurations
   388 | D:2      | Reached skill level 2 in Transmutations
   388 | D:2      | Reached XP level 4. HP: 31/34 MP: 5/5
   478 | D:2      | Reached skill level 1 in Fire Magic
   478 | D:2      | Reached skill level 1 in Evocations
   603 | D:2      | Reached skill level 3 in Throwing
   670 | D:1      | Reached skill level 2 in Unarmed Combat
   805 | D:2      | Reached skill level 1 in Polearms
   895 | D:3      | Reached skill level 1 in Staves
   901 | D:3      | Reached XP level 5. HP: 39/40 MP: 5/7
  1037 | D:3      | Noticed tidbits's ghost (amateur GnWn)
  1039 | D:3      | Gained mutation: You are weak. (Str -2) [potion of mutation]
  1039 | D:3      | Gained mutation: You are resistant to hostile enchantments. (MR+) [potion of mutation]
  1039 | D:3      | Gained mutation: Your flesh is heat resistant. (rF+) [potion of mutation]
  1055 | D:3      | Killed tidbits's ghost
  1055 | D:3      | Reached skill level 1 in Axes
  1055 | D:3      | Reached skill level 1 in Maces & Flails
  1055 | D:3      | Reached skill level 2 in Staves
  1055 | D:3      | Reached skill level 1 in Slings
  1055 | D:3      | Reached skill level 3 in Dodging
  1055 | D:3      | Reached skill level 2 in Conjurations
  1055 | D:3      | Reached skill level 1 in Hexes
  1055 | D:3      | Reached skill level 2 in Summonings
  1200 | D:3      | Lost mutation: Your flesh is heat resistant. (rF+) [potion of mutation]
  1200 | D:3      | Lost mutation: You are weak. (Str -2) [potion of mutation]
  1200 | D:3      | Gained mutation: Armour fits poorly on your strangely shaped body. [potion of mutation]
  1200 | D:3      | Gained mutation: You have a pair of small horns on your head. [potion of mutation]
  1227 | D:3      | Reached skill level 1 in Ice Magic
  1227 | D:3      | Reached XP level 6. HP: 39/46 MP: 8/8
  1228 | D:3      | Quit the game

Vault maps used:
D:1:      eino_arrival_druids_welcome
D:2:      first_bread, st_stairs_12, hangedman_decor_push,
          corexii_item_surrounded_by_moat, minmay_misc_feat_more_columns
D:3:      serial_glass, glass_columns_c, glass_columns_a

Skill      XL: |  1  2  3  4  5 |
---------------+----------------+-----
Crossbows      | 1 |  1.7
Translocations | 1 |  1.7
Unarmed Combat | 1 2 |  2.3
Transmutations | 2 |  2.6
Short Blades   | 1 |  1.7
Spellcasting   | 1 |  1.7
Invocations    | 1 |  1.7
Shields        | 3 |  3.3
Conjurations   | 1 2 |  2.3
Fire Magic     | 1 |  1.7
Evocations     | 1 |  1.3
Throwing       | 3 |  3.9
Polearms       | 1 |  1.3
Staves         | 1 2 |  2.0
Axes           | 1 |  1.3
Maces & Flails | 1 |  1.7
Slings         | 1 |  1.7
Dodging        | 3 |  3.7
Hexes          | 1 |  1.7
Summonings     | 2 |  2.0
Ice Magic      | 1 |  1.3
Fighting       | |  2.8
Long Blades    | |  2.8
Bows           | |  6.7
Armour         | |  0.8
Stealth        | |  4.1
Necromancy     | |  0.8
Air Magic      | |  0.8
Earth Magic    | |  0.8
Poison Magic   | |  0.8

Action                   |  1- 3 |  4- 6 || total
-------------------------+-------+-------++-------
Melee: Unarmed           |       |    10 ||    10
       Punch             |       |     1 ||     1
 Fire: Shortbow          |    61 |   114 ||   175
  Use: Potion            |       |     4 ||     4
       Scroll            |       |     2 ||     2
  Eat: Chunk             |       |     1 ||     1
Armor: Robe              |     1 |       ||     1
       Ring mail         |     3 |    26 ||    29
       Skin              |       |     6 ||     6
Dodge: Dodged            |    12 |    43 ||    55

Table legend:
 A = Spawn XP
 B = Non-spawn XP
 C = Spawn XP percentage of total XP
 D = Spawn monster count
 E = Non-spawn monster count
 F = Spawn count percentage of total count
 G = Total turns spent on level
                    A         B        C        D         E        F      G
               +---------+---------+-------+---------+---------+-------+---------
         Total |       0 |     330 |   0.0 |       0 |      56 |   0.0 |  1228
               +---------+---------+-------+---------+---------+-------+---------
           D:1 |       0 |      33 |   0.0 |       0 |      19 |   0.0 |   449
           D:2 |       0 |     122 |   0.0 |       0 |      23 |   0.0 |   398
           D:3 |       0 |     175 |   0.0 |       0 |      14 |   0.0 |   381
               +---------+---------+-------+---------+---------+-------+---------

Table legend:
 A = Turns spent in this place as a percentage of turns spent in the entire game.
 B = Non-inter-level travel turns spent in this place as a percentage of non-inter-level travel turns spent in the entire game.
 C = Inter-level travel turns spent in this place as a percentage of turns spent in this place.
 D = Turns resting spent in this place as a percentage of non-inter-level travel turns spent in this place.
 E = Turns spent auto-exploring this place as a percentage of non-inter-level travel turns spent in this place.
 F = Non-inter-level travel turns spent in this place divided by the number of levels of this place that you've seen.
                   A       B       C       D       E      F
               +-------+-------+-------+-------+-------+----------------------
         Total | 100.0 | 100.0 |   4.2 |   0.0 |   0.0 | 392.0
       Dungeon | 100.0 | 100.0 |   4.2 |   0.0 |   0.0 | 392.0
               +-------+-------+-------+-------+-------+----------------------

Table legend:
 A = Kills in this place as a percentage of kills in entire the game.
 B = Kills by you in this place as a percentage of kills by you in the entire game.
 C = Kills by friends in this place as a percentage of kills by friends in the entire game.
 D = Other kills in this place as a percentage of other kills in the entire game.
 E = Experience gained in this place as a percentage of experience gained in the entire game.
 F = Experience gained in this place divided by the number of levels of this place that you have seen.
                   A       B       C       D       E      F
               +-------+-------+-------+-------+-------+----------------------
         Total | 100.0 | 100.0 |   N/A |   N/A | 100.0 | 110.0
       Dungeon | 100.0 | 100.0 |   N/A |   N/A | 100.0 | 110.0
               +-------+-------+-------+-------+-------+----------------------

Vault maps used:
D:1:      eino_arrival_druids_welcome
D:2:      first_bread, st_stairs_12, hangedman_decor_push,
          corexii_item_surrounded_by_moat, minmay_misc_feat_more_columns
D:3:      serial_glass, glass_columns_c, glass_columns_a
